 Dungeon Crawl Stone Soup version 0.25.0-1-g7eea58d2a3 (webtiles) character file.

Game seed: 5016783426109858951

52 MajorAdolf the Sneak (level 3, 31/31 HPs)
             Began as a Naga Wanderer on June 12, 2020.
             Quit the game on level 2 of the Dungeon on June 14, 2020.
             The game lasted 00:06:17 (2086 turns).

MajorAdolf the Sneak (Naga Wanderer)                Turns: 2086, Time: 00:06:17

Health: 31/31      AC:  2    Str: 14    XL:     3   Next: 85%
Magic:  7/7        EV:  9    Int: 13    God:
Gold:   42         SH:  0    Dex: 10    Spells: 6/7 levels left

rFire    . . .     SeeInvis +   a - +0 quarterstaff
rCold    . . .     Gourm    .   (shield currently unavailable)
rNeg     . . .     Faith    .   d - +0 robe
rPois    +         Spirit   .   (no helmet)
rElec    .         Reflect  .   (no cloak)
rCorr    .         Harm     .   (no gloves)
MR       .....                  (no barding)
Stlth    +++.......             (no amulet)
HPRegen  0.10/turn              (no ring)
MPRegen  0.10/turn              (no ring)

@: very slow
A: large, see invisible, deformed body, poison resistance, slowness 2, slow
metabolism 1, spit poison 1, AC +1
a: Spit Poison


You were on level 2 of the Dungeon.
You were not hungry.

You visited 1 branch of the dungeon, and saw 2 of its levels.

You collected 42 gold pieces.

Inventory:

Hand Weapons
 a - a +0 quarterstaff (weapon)
 e - a +0 dagger
Armour
 d - a +0 robe (worn)
 o - a cursed +0 scale mail
Jewellery
 g - an uncursed amulet of magic regeneration {unknown}
Scrolls
 i - 3 scrolls of remove curse {unknown}
 j - 3 scrolls of identify {unknown}
 n - a scroll of teleportation {unknown}
Potions
 b - a potion of heal wounds {unknown}
 c - a potion of lignification
 h - 2 potions of curing {unknown}
 k - a potion of ambrosia {unknown}
 l - a potion of berserk rage {unknown}
 m - a potion of stabbing {unknown}
Comestibles
 f - 4 rations


   Skills:
 - Level 1.0 Fighting
 + Level 6.4 Stealth
   Level 1.0 Shields
 - Level 1.0 Unarmed Combat
 + Level 2.8 Spellcasting
 + Level 1.8 Conjurations
   Level 1.0 Charms


You had 6 spell levels left.
You knew the following spells:

 Your Spells              Type           Power        Failure   Level  Hunger
a - Magic Dart            Conj           #...         11%         1    #......

Your spell library contained the following spells:

 Spells                   Type           Power        Failure   Level  Hunger
 Blink                    Tloc           N/A          34%         2    ###....
 Call Imp                 Summ           #.......     34%         2    ###....
 Slow                     Hex            #.......     34%         2    ###....
 Conjure Flame            Conj/Fire      #.......     43%         3    ###....
 Mephitic Cloud           Conj/Pois/Air  #.......     50%         3    ###....


Dungeon Overview and Level Annotations

Branches:
Dungeon (2/15)

Altars:
Trog


Innate Abilities, Weirdness & Mutations

You cannot wear boots.
Your serpentine skin is tough. (AC +1)
You have supernaturally acute eyesight. (SInv)
Armour fits poorly on your strangely shaped body.
Your system is resistant to poisons. (rPois)
You cover ground very slowly.
You have a slow metabolism.
You can spit poison.


Message History

Done exploring.
Quiver which item? (- for none, * to show all) (? for menu, Esc to quit)
Okay, then.
Unknown command.
Welcome back, MajorAdolf the Naga Wanderer.
Press ? for a list of commands and other information.
Unknown command.
Casting: Magic Dart (safe; 11% risk of failure)
Confirm with . or Enter, or press ? or * to list all spells.
Okay, then.
Quiver which item? (- for none, * to show all) (? for menu, Esc to quit)
Okay, then.
Quiver which item? (- for none, * to show all) (? for menu, Esc to quit)
Okay, then.
Quiver which item? (- for none, * to show all) (? for menu, Esc to quit)
Okay, then.
Saving game... please wait.
Welcome back, MajorAdolf the Naga Wanderer.
Press ? for a list of commands and other information.
Are you sure you want to abandon this character and quit the game? (Confirm with "yes".)

#......†...##......#
#..
#..........##......##
#.#
#......._..##.......#
#.#
#..........##....##.#
##.#
########..###....##.#
#..#
#..###....##.###...
####...##............#
#<.....##...####..####
#....@.##...#.....#...
#.......#...#.##.##...
####..........##.##...
#..#..#.......##...
##..##..............
#.......>...........
#...................
#.....##..#....#.###
##..#..#..#....#.###


There were no monsters in sight!

Vanquished Creatures
  An ooze (D:2)
  A worm (D:2)
  2 dart slugs (D:1)
  A leopard gecko (D:2)
  4 giant cockroaches
  5 hobgoblins
  6 kobolds
  A quokka (D:2)
  A ball python (D:2)
  7 bats
  2 frilled lizards
  2 goblins
  8 rats
41 creatures vanquished.

Notes
Turn   | Place    | Note
-------+----------+-------------------------------------------
     0 | D:1      | MajorAdolf the Naga Wanderer began the quest for the Orb.
     0 | D:1      | MajorAdolf set off with the following items: a +0
                  | quarterstaff, a potion of lignification, a +0 robe, a +0
                  | dagger, a ration; and the following spell memorised: Magic
                  | Dart; and the following spells available to memorise:
                  | Blink, Call Imp, Slow, Conjure Flame, Mephitic Cloud
     0 | D:1      | Reached XP level 1. HP: 18/18 MP: 3/3
   404 | D:1      | Reached XP level 2. HP: 23/25 MP: 5/5
   436 | D:1      | Reached skill level 1 in Conjurations
   792 | D:1      | Reached skill level 6 in Stealth
  1388 | D:2      | Reached XP level 3. HP: 31/31 MP: 3/6
  2063 | D:2      | Found a bloodstained altar of Trog.
  2086 | D:2      | Upgraded the game from 0.25-b1-50-g7b83aa72e5 to
                  | 0.25.0-1-g7eea58d2a3
  2086 | D:2      | Quit the game

Illustrated notes

Levels and vault maps discovered:
D:1:      lightli_arrival_isolated_outpost, layout_basic
D:2:      layout_rooms, bloody_trog

Skill      XL: |  1  2 |
---------------+-------+-----
Conjurations   | 1 |  1.8
Stealth        | 6 |  6.4
Fighting       | |  1.0
Shields        | |  1.0
Unarmed Combat | |  1.0
Spellcasting   | |  2.8
Charms         | |  1.0

Action                   || total
-------------------------++-------
Melee: Quarterstaff      ||    59
 Cast: Magic Dart        ||    33
 Abil: Spit Poison       ||     8
 Stab: Sleeping          ||     5
  Eat: Chunk             ||     4
Armor: Robe              ||    18
Dodge: Dodged            ||    33
